 Dungeon Crawl Stone Soup version 0.30-a0-4-ga7cffc901d (webtiles) character file.

Game seed: 13429058775116974235

6873 slphil the Basher (level 11, -1/90 HPs)
             Began as a Barachi Fighter on Aug 21, 2022.
             Was an Initiate of Gozag.
             Slain by a two-headed ogre
             ... wielding a +0 giant club
              (29 damage)
             ... on level 10 of the Dungeon.
             The game lasted 00:22:50 (12080 turns).

slphil the Basher (Barachi Fighter)                Turns: 12080, Time: 00:22:51

Health: -1/90      AC: 13    Str: 21    XL:     11   Next: 6%
Magic:  11/11      EV:  9    Int: 10    God:    Gozag
Gold:   304        SH:  5    Dex: 11    Spells: 10/10 levels left

rFire   + + .      SeeInvis .    a - +6 eveningstar of the New World {spect, rElec}
rCold   . . .      Faith    .    c - +0 buckler
rNeg    . . .      Spirit   .    B - +0 fire dragon scales
rPois   .          Reflect  .    n - +1 hat
rElec   +          Harm     .    u - scarf {repulsion}
rCorr   .          Rampage  .    q - +1 pair of gloves
Will    +....                    (no boots)
Stlth   ..........               (no amulet)
HPRegen 0.25/turn                i - ring of willpower
MPRegen 0.12/turn                w - ring of protection from cold

@: gold aura, repel missiles, slow
A: amphibious, slowness 1, strong legs 1, +LOS
a: Hop, Renounce Religion, Potion Petition, Call Merchant, Bribe Branch


You were on level 10 of the Dungeon.
You worshipped Gozag.
Gozag was aware of your devotion.
You visited 1 branch of the dungeon, and saw 10 of its levels.
You also visited: Ossuary.

You collected 1614 gold pieces.
You spent 1188 gold pieces at shops.
You paid 122 gold pieces to Gozag.

Inventory:

Hand Weapons
 a - the +6 eveningstar of the New World (weapon) {spect, rElec}
   (You bought it in a shop on level 2 of the Dungeon)

   When its wielder attacks, the weapon's spirit leaps out and strikes again.
   The spirit shares a part of any damage it takes with its wielder.
   rElec:     It insulates you from electricity.
 b - the +7 whip of Gyboi {vamp, rCorr}
   (You found it on level 7 of the Dungeon)

   It occasionally heals its wielder for a portion of the damage dealt when it
   wounds a living foe.
   rCorr:     It protects you from acid and corrosion.
 S - a +1 morningstar of protection
Missiles
 j - 2 throwing nets
Armour
 c - a +0 buckler (worn)
 k - a +0 helmet
 n - a +1 hat (worn)
 q - a +1 pair of gloves (worn)
 u - a scarf of repulsion (worn)
 B - +0 fire dragon scales (worn)
Jewellery
 g - a ring of ice
 i - a ring of willpower (left hand)
 m - a +6 ring of dexterity
 w - a ring of protection from cold (right hand)
 J - a ring of see invisible
 Q - a ring of protection from cold
Wands
 t - a wand of paralysis (7)
 x - a wand of acid (17)
 y - a wand of mindburst (11)
 P - a wand of digging (4)
 R - a wand of polymorph (4)
Scrolls
 h - a scroll of torment
 r - a scroll of blinking
 v - 5 scrolls of teleportation
 A - 4 scrolls of enchant armour
 E - 4 scrolls of magic mapping
 H - 2 scrolls of fog
 I - a scroll of brand weapon {unknown}
 K - a scroll of poison {unknown}
 L - a scroll of vulnerability {unknown}
 O - a scroll of summoning {unknown}
Potions
 d - a potion of might
 f - 4 potions of degeneration
 l - a potion of invisibility {unknown}
 o - 6 potions of brilliance
 p - 2 potions of ambrosia
 s - 2 potions of heal wounds
 z - 2 potions of mutation
 C - a potion of flight {unknown}
 D - 2 potions of curing
 F - a potion of haste {unknown}
 G - a potion of lignification {unknown}
 M - 3 potions of cancellation
 N - a potion of berserk rage {unknown}


   Skills:
 - Level 10.1 Fighting
 - Level 3.4(8.9) Axes
 * Level 12.7(12.9) Maces & Flails
 + Level 5.7 Armour
 + Level 5.2 Shields
 - Level 7.0 Evocations


You had 10 spell levels left.
You didn't know any spells.
Your spell library contained the following spells:

 Spells                   Type           Power      Damage    Failure   Level
 Magic Dart               Conj           0%         1d3       83%         1
 Sandblast                Erth           0%         2d4       83%         1
 Shock                    Conj/Air       0%         1d3       83%         1
 Call Imp                 Summ           0%         N/A       93%         2
 Passwall                 Tmut/Erth      0%         N/A       93%         2
 Searing Ray              Conj           0%         2d4       93%         2
 Mephitic Cloud           Conj/Pois/Air  0%         N/A       99%         3
 Stone Arrow              Conj/Erth      0%         3d7       99%         3
 Swiftness                Air            0%         N/A       99%         3
 Airstrike                Air            0%         2d(0-16)  100%        4
 Anguish                  Hex/Necr       0%         N/A       100%        4
 Fulminant Prism          Conj/Hex       0%         3d6       100%        4
 Leda's Liquefaction      Hex/Erth       0%         N/A       100%        4
 Borgnjor's Vile Clutch   Necr/Erth      0%         N/A       100%        5
 Fireball                 Conj/Fire      0%         3d3       100%        5
 Iskenderun's Battlesphe  Conj           0%         2d6       100%        5
 Lee's Rapid Deconstruct  Erth           0%         3d5*      100%        5
 Conjure Ball Lightning   Conj/Air       0%         3x3d6     100%        6
 Death Channel            Necr           0%         N/A       100%        6
 Starburst                Conj/Fire      0%         6d3       100%        6
 Statue Form              Tmut/Erth      0%         N/A       100%        6
 Enfeeble                 Hex            0%         N/A       100%        7
 Orb of Destruction       Conj           0%         9d5       100%        7
 Ignition                 Fire           0%         3d3       100%        8
 Animate Dead             Necr           Unusable   N/A       N/A         4

Dungeon Overview and Level Annotations

Branches:
Dungeon (10/15)            Temple (0/1) D:7            Lair (0/5) D:10
Ossuary (visited)
    Orc: D:9-12

Altars:
Cheibriados
Dithmenos
Elyvilon
Gozag
Hepliaklqana
Kikubaaqudgha
Makhleb
Qazlal
Sif Muna
Uskayaw
Wu Jian

Shops:
D:2 (::((   D:6 :


Innate Abilities, Weirdness & Mutations

You are amphibious.
You cover ground slowly.
You can hop short distances.
You have an extended range of vision and can be seen from far away.


Message History

The vampire mosquito bites you!
The vampire mosquito draws strength from your injuries!
The two-headed ogre is distracted by your dazzling golden aura.
The vampire mosquito barely misses you.
You barely miss the vampire mosquito.
The vampire mosquito is severely damaged.
The vampire mosquito closely misses you.
The vampire mosquito bites you but does no damage.
Unknown command.
You sock the vampire mosquito!
You destroy the vampire mosquito!
You puncture the orc warrior!
The orc warrior is heavily wounded.
The two-headed ogre is no longer distracted by gold.
The orc warrior hits you with a +0 battleaxe!
You completely miss the orc warrior.
The orc warrior is heavily wounded.
The orc warrior barely misses you.
Unknown command.
You closely miss the orc warrior.
The orc warrior is heavily wounded.
The orc warrior hits you but does no damage.
You hit the orc warrior.
The orc warrior is severely wounded.
The orc warrior barely misses you.
You hit the orc warrior.
The orc warrior is severely wounded.
Unknown command.
You impale the two-headed ogre!!
The two-headed ogre is moderately wounded.
You sock the two-headed ogre!
The two-headed ogre is heavily wounded.
The two-headed ogre hits you with a +0 giant club!!
The two-headed ogre barely misses you.
You sock the two-headed ogre!
The two-headed ogre is severely wounded.
The two-headed ogre hits you with a +0 giant club.
The two-headed ogre hits you with a +0 giant club!!
You die...
Your body crumbles into a pile of gold.

#..........#♣♣.♣♣#
$ #.......#### ♣.♣
........# ♣.♣
........# ♣.♣♣
........# ♣.♣.♣
........# ♣.♣.♣#
.#####+#### .♣♣♣.#
.#........##. ♣.#
.#........##. ♣@#
.#........## ♣O♣
.#........# .o.
.'......>.# .♣.♣♣
.#........# ♣.♣.#
.#........# ♣ ♣.#
####'###### ♣.#
#....##.### .♣#
#.)...'...# .


You could see a two-headed ogre and an orc warrior.

Vanquished Creatures
  A two-headed ogre (D:9)
  Maurice (D:10)
  A hornet (D:8)
  2 trolls (D:10)
  A wyvern (D:10)
  A wraith (D:10)
  A vampire mosquito (D:10)
  4 water moccasins
  An ice beast (D:5)
  4 orc warriors
  2 black bears
  A sky beast (D:6)
  2 ogres (D:5)
  3 centaurs
  A phantom (D:5)
  2 kobold brigands
  2 bullfrogs (D:8)
  3 necrophages
  2 gnoll sergeants
  4 scorpions
  5 wights (D:9)
  4 water moccasin zombies (Ossuary)
  15 killer bees
  4 howler monkeys
  A quasit (D:6)
  3 hounds
  3 jellies
  5 orc priests
  7 orc wizards
  5 iguanas
  2 mummies (Ossuary)
  22 gnolls
  9 adders
  A shadow imp (D:6)
  4 white imps
  2 ufetubi (D:6)
  5 adder zombies (Ossuary)
  5 worms
  4 dart slugs
  36 orcs
  5 bats
  8 endoplasms
  3 giant cockroaches
  11 hobgoblins
  3 jackals
  5 quokkas
  13 ball pythons
  3 frilled lizards
  5 gnoll zombies (Ossuary)
  9 goblins
  5 hobgoblin zombies (Ossuary)
  7 kobolds
  4 kobold zombies (Ossuary)
  6 orc zombies (Ossuary)
  4 rats
272 creatures vanquished.

Notes
Turn   | Place    | Note
-------+----------+-------------------------------------------
     0 | D:1      | slphil the Barachi Fighter began the quest for the Orb.
     0 | D:1      | Reached XP level 1. HP: 18/18 MP: 1/1
   196 | D:1      | Found a faded altar of an unknown god.
   208 | D:1      | Reached XP level 2. HP: 21/25 MP: 2/2
   884 | D:2      | Reached XP level 3. HP: 23/30 MP: 3/3
  1140 | D:2      | Found Pagyec's Weapon Shop.
  1340 | D:2      | Found Qesham's Antique Weapon Boutique.
  1354 | D:2      | Found Cebbaithro's Book Shop.
  1358 | D:2      | Reached skill level 1 in Maces & Flails
  1406 | D:2      | Found Toggudgh's Book Shop.
  1681 | D:2      | Found Wuonk's Weapon Shop.
  1691 | D:2      | Bought a +1 morningstar of protection for 129 gold pieces
  1730 | D:3      | Reached XP level 4. HP: 38/38 MP: 4/4
  1846 | D:3      | Reached skill level 2 in Maces & Flails
  1861 | D:3      | Reached skill level 3 in Maces & Flails
  1861 | D:3      | Reached XP level 5. HP: 25/43 MP: 5/5
  2343 | D:2      | Reached skill level 5 in Fighting
  2865 | D:3      | Reached skill level 4 in Maces & Flails
  3010 | D:3      | Reached XP level 6. HP: 51/51 MP: 6/6
  3579 | D:3      | Reached skill level 5 in Maces & Flails
  3812 | D:4      | Noticed a black bear
  3817 | D:4      | Killed a black bear
  3818 | D:4      | Reached XP level 7. HP: 58/58 MP: 7/7
  4215 | D:4      | Reached skill level 6 in Maces & Flails
  4917 | D:5      | Entered Level 5 of the Dungeon
  5072 | D:5      | Found a hazy altar of Hepliaklqana.
  5073 | D:5      | Found a shadowy altar of Dithmenos.
  5073 | D:5      | Noticed a shadow
  5108 | D:5      | Reached skill level 7 in Maces & Flails
  5233 | D:5      | Reached XP level 8. HP: 67/67 MP: 8/8
  5511 | D:5      | Reached skill level 8 in Maces & Flails
  5746 | D:5      | Found a snail-covered altar of Cheibriados.
  5746 | D:5      | Found a hide-covered altar of Uskayaw.
  5746 | D:5      | Found an opulent altar of Gozag.
  5746 | D:5      | Found a shimmering blue altar of Sif Muna.
  5747 | D:5      | Found a burning altar of Makhleb.
  5747 | D:5      | Found an ornate altar of the Wu Jian Council.
  5770 | D:5      | Became a worshipper of Gozag Ym Sagoz the Greedy
  5868 | D:5      | Reached skill level 9 in Maces & Flails
  6264 | D:6      | Reached XP level 9. HP: 75/75 MP: 9/9
  6301 | D:6      | Found a sand-covered staircase.
  6311 | Ossuary  | Entered an ossuary
  6530 | Ossuary  | Reached skill level 10 in Maces & Flails
  6676 | D:6      | Found Dugann's Self-Improvement Boutique.
  7557 | D:6      | Found a white marble altar of Elyvilon.
  7700 | D:6      | Found an ancient bone altar of Kikubaaqudgha.
  7848 | D:7      | Reached skill level 11 in Maces & Flails
  8249 | D:7      | Found a staircase to the Ecumenical Temple.
  8487 | D:7      | Identified the +7 whip of Gyboi {vamp, rCorr}
  8948 | D:8      | Noticed a hornet
  8961 | D:8      | Killed a hornet
  8962 | D:8      | Reached skill level 10 in Fighting
  8962 | D:8      | Reached skill level 1 in Evocations
  8970 | D:8      | Reached XP level 10. HP: 85/85 MP: 10/10
  9070 | D:8      | Found a stormy altar of Qazlal.
 10323 | D:9      | Noticed a two-headed ogre
 10331 | D:9      | Killed a two-headed ogre
 11188 | D:2      | Bought the +6 eveningstar of the New World {spect, rElec}
                  | for 1059 gold pieces
 11372 | D:10     | Entered Level 10 of the Dungeon
 11538 | D:10     | Noticed Maurice
 11546 | D:10     | Killed Maurice
 11547 | D:10     | Reached skill level 12 in Maces & Flails
 11607 | D:10     | Reached skill level 5 in Armour
 11949 | D:10     | Found a staircase to the Lair.
 12043 | D:10     | Reached skill level 5 in Shields
 12043 | D:10     | Reached XP level 11. HP: 89/90 MP: 11/11
 12059 | D:10     | Noticed a two-headed ogre
 12080 | D:10     | Slain by a two-headed ogre

Illustrated notes

Levels and vault maps discovered:
D:1:      dpeg_arrival_more_subterranean_lakeside_camping, layout_basic,
          chequers_ecumenical_altar_simple_redux, chequers_garden, minivault_11,
          kennysheep_crisscross, corner_web_ring
D:2:      layout_basic, serial_shops, nicolae_diamond_shop, shop,
          nicolae_lakefront_shop, nicolae_shop_behind_doors,
          nicolae_shop_hallway_plus, minmay_split_cup_large
D:3:      layout_basic
D:4:      minmay_razor_zed, layout_cave_pods, grunt_ministairs_2, minmay_bent
D:5:      wander_river, layout_loops_ring, riverfiend_overflow_shadow_ancestor,
          grunt_temple_overflow_open, st_stairs_3
D:6:      layout_loops_corners, lemuel_coloured_pillars_altar,
          mainiacjoe_overflow_alcove_2, nicolae_ossuary_entry_ruins,
          serial_demonic, serial_demonic_b, serial_demonic_f, serial_demonic_g,
          serial_demonic_e, nicolae_shop_self_help
D:7:      wad_pebble_path, layout_loops_ring, minmay_temple_entry_butterflies
D:8:      layout_basic, mainiacjoe_overflow_cross_hatched
D:9:      layout_roguey
D:10:     nzn_winding_woodlands_large [nzn_winding_woodlands_hourglass,
          nzn_winding_woodlands_5x15_parted,
          nzn_winding_woodlands_5x5_open_star,
          nzn_winding_woodlands_center_pierced_h,
          nzn_winding_woodlands_15x15_thick_spiral,
          nzn_winding_woodlands_center_triple_pond,
          nzn_winding_woodlands_5x5_cross, nzn_winding_woodlands_5x15_eye,
          nzn_winding_woodlands_5x5_checkerboard], layout_gridville,
          orc_david_3, chequers_avenue, hangedman_fish_farm, uniq_maurice,
          uniq_sonja

Skill      XL: |  1  2  3  4  5  6  7  8  9 10 |
---------------+-------------------------------+-----
Axes           | 3 |  3.4
Fighting       | 4 5 6 7 8 10 | 10.1
Maces & Flails | 1 3 4 5 7 9 11 12 | 12.7
Evocations     | 2 7 |  7.0
Armour         | 5 |  5.7
Shields        | 5 |  5.2

Action                   |  1- 3 |  4- 6 |  7- 9 | 10-12 || total
-------------------------+-------+-------+-------+-------++-------
Melee: War axe           |    95 |       |       |       ||    95
       Morningstar       |     2 |   159 |   403 |    35 ||   599
       Whip              |       |       |    21 |   111 ||   132
       Eveningstar       |       |       |       |    66 ||    66
 Abil: Hop               |       |     1 |       |     1 ||     2
Evoke: Wand              |       |     1 |     4 |     3 ||     8
  Use: Scroll            |       |     3 |     3 |     9 ||    15
       Potion            |       |     1 |       |     2 ||     3
 Stab: Paralysed         |       |     2 |     7 |     5 ||    14
       Distracted        |       |       |     1 |     1 ||     2
Armor: Scale mail        |    40 |   119 |    87 |       ||   246
       Fire dragon scale |       |       |   147 |    58 ||   205
Dodge: Dodged            |    55 |   105 |   144 |    65 ||   369
       Repelled          |       |       |       |     2 ||     2
Block: Buckler           |    29 |    74 |    86 |    31 ||   220

Table legend: (Time is in decaauts)
 A = Elapsed time spent in this place.
 B = Non-inter-level travel time spent in this place.
 C = Inter-level travel time spent in this place.
 D = Time resting spent in this place.
 E = Time spent auto-exploring this place.
 F = Levels seen in this place.
 G = Mean time per level.
                   A        B        C        D        E       F      G
               +--------+--------+--------+--------+--------+-----+--------+
         Total |  13537 |  12471 |   1066 |   1546 |   8702 |  11 | 1230.6 |
       Dungeon |  13203 |  12137 |   1066 |   1546 |   8518 |  10 | 1320.3 |
       Ossuary |    333 |    333 |      0 |      0 |    184 |   1 |  333.0 |
               +--------+--------+--------+--------+--------+-----+--------+

Top non-repeatable levels by time:
     D:4: 2076 daAuts
     D:3: 1738 daAuts
     D:6: 1402 daAuts
     D:2: 1352 daAuts
     D:7: 1331 daAuts
     D:5: 1242 daAuts
     D:8: 1198 daAuts
     D:9: 1142 daAuts
     D:1: 963 daAuts
    D:10: 757 daAuts
 Ossuary: 333 daAuts
